Sénateurs vs Oilers
Created - 27 décembre 2013 at 23:45
Goals
|
| Sénateurs |
1 |
0 |
1 |
2 |
| Oilers |
2 |
0 |
3 |
5 |
|
Shots
|
| Sénateurs |
13 |
10 |
4 |
27 |
| Oilers |
15 |
8 |
6 |
29 |
|
1st period
1. Oilers , Alexei Yashin 7 (Patrick Kaleta, Andreas Johansson) at 8:29
2. Sénateurs , Sami Kapanen 6 (Chris Kelly, Ray Whitney) at 10:07
3. Oilers , Brad Boyes 8 (Ilya Kovalchuk) at 16:43
Penalties :
No Penalty
2nd period
No Goal
Penalties :
Pavel Datsyuk (Edm) for Tripping (Minor) at 4:28, Sean Avery (Ott) for Hooking (Minor) at 6:33, Jonathan Toews (Edm) for Slashing (Minor) at 13:25, Brad Boyes (Edm) for Hooking (Minor) at 15:33, Paul Gaustad (Ott) for Tripping (Minor) at 15:33, Ilya Kovalchuk (Edm) for Fighting (Major) at 19:57, Todd Bertuzzi (Ott) for Fighting (Major) at 19:57
3rd period
4. Sénateurs , Vernon Fiddler 3 (Toni Lydman, Dan Girardi) at 1:51
5. Oilers , Patrick Kaleta 6 (Pavel Datsyuk, Duncan Keith) at 4:17 (PP)
6. Oilers , Brad Boyes 9 (Jonathan Toews, Rob Scuderi) at 4:49 (PP)
7. Oilers , Ilya Kovalchuk 23 (Brad Boyes, Jonathan Toews) at 10:24
Penalties :
Richard Jackman (Ott) for High sticking (Minor) at 2:23, Vitaly Vishnevsky (Ott) for Roughing (Minor) at 4:26, Paul Gaustad (Ott) for Holding (Minor) at 10:52, Richard Jackman (Ott) for Interference (Minor) at 16:02
Goalie Stats
Jonas Hiller (Ott), 24 saves from 29 shots - (0,828), L, 13-10-2, 60:00 minutes
Cam Ward (Edm), 25 saves from 27 shots - (0,926), W, 15-9-4, 60:00 minutes
Players Stats for Sénateurs
Player Name G A P +/- PIM S H SB GA TA FO MP PP MP PK MP
------------------------------------------------------------------------------------
Andy McDonald 0 0 0 -2 0 2 2 1 0 1 1/2 18:46 2:16 2:56
Chris Kelly 0 1 1 1 0 2 3 0 0 2 4/10 19:35 1:42 2:33
Dan Girardi 0 1 1 1 0 2 0 2 0 0 0/0 16:10 0:00 2:30
Dan Hinote 0 0 0 1 0 0 1 0 0 0 0/0 5:55 0:00 0:00
Daymond Langkow 0 0 0 -2 0 2 0 1 0 0 10/23 20:40 2:16 4:39
Jay McKee 0 0 0 -1 0 0 0 0 1 1 0/0 18:45 1:43 3:25
Keith Ballard 0 0 0 0 0 0 0 0 0 0 0/0 3:57 0:00 0:00
Nikita Alexeev 0 0 0 -1 0 1 2 0 0 0 0/1 11:42 0:00 0:00
Paul Gaustad 0 0 0 0 4 1 1 0 2 0 3/9 14:39 0:00 0:15
Ray Whitney 0 1 1 1 0 4 0 0 2 1 1/1 17:06 1:42 0:24
Richard Jackman 0 0 0 -1 4 1 3 1 0 2 0/0 21:43 2:15 2:42
Sami Kapanen 1 0 1 1 0 8 3 1 0 0 0/1 16:17 1:42 0:00
Sami Salo 0 0 0 -1 0 0 2 0 0 1 0/0 18:45 1:43 3:25
Sean Avery 0 0 0 -1 2 0 0 0 0 0 0/0 13:09 0:00 0:00
Todd Bertuzzi 0 0 0 -2 5 0 3 0 0 0 2/7 22:05 2:16 3:09
Toni Lydman 0 1 1 1 0 1 0 1 1 0 0/0 12:35 0:00 0:00
Vernon Fiddler 1 0 1 1 0 2 0 1 0 0 4/6 9:35 0:00 2:32
Vitaly Vishnevsky 0 0 0 -1 2 1 3 2 4 1 0/0 28:16 2:15 4:26
Players Stats for Oilers
Player Name G A P +/- PIM S H SB GA TA FO MP PP MP PK MP
------------------------------------------------------------------------------------
Alexei Yashin 1 0 1 1 0 6 1 0 0 0 4/6 11:19 0:00 1:59
Andreas Johansson 0 1 1 1 0 1 2 0 1 0 0/0 10:12 0:00 0:00
Brad Boyes 2 1 3 1 2 4 0 2 1 1 1/1 18:11 3:38 0:00
Duncan Keith 0 1 1 -1 0 0 1 1 0 4 0/0 25:06 5:33 1:54
Eric Nystrom 0 0 0 -1 0 0 0 1 0 0 0/0 8:02 0:00 0:00
Erik Rasmussen 0 0 0 -1 0 1 0 0 1 1 4/5 10:01 0:00 1:59
Frantisek Kaberle 0 0 0 0 0 1 0 1 0 0 0/0 14:47 0:00 0:00
Ian White 0 0 0 2 0 0 1 1 1 1 0/0 25:36 5:33 2:04
Ilya Kovalchuk 1 1 2 1 5 2 0 3 2 0 1/1 17:42 3:15 0:00
Joe Pavelski 0 0 0 0 0 4 1 0 0 0 1/1 15:17 0:30 0:00
Jonathan Toews 0 2 2 1 2 1 0 0 0 0 11/19 18:56 3:38 0:00
Markus Naslund 0 0 0 0 0 2 4 0 0 0 1/1 20:53 4:36 1:59
Mike Van Ryn 0 0 0 0 0 0 1 0 0 1 0/0 12:37 0:00 0:00
Pascal Dupuis 0 0 0 -1 0 1 0 0 0 0 0/1 10:01 0:00 1:59
Patrick Kaleta 1 1 2 1 0 3 0 0 1 0 0/0 13:37 4:29 0:00
Pavel Datsyuk 0 1 1 0 2 1 1 0 2 0 12/25 19:48 4:36 0:00
Rob Scuderi 0 1 1 -1 0 1 1 3 0 1 0/0 19:37 2:41 1:54
Steve Montador 0 0 0 2 0 1 1 1 0 1 0/0 22:17 2:41 2:04
3 Stars
1 - Brad Boyes (Edm)
2 - Patrick Kaleta (Edm)
3 - Sami Kapanen (Ott)
Power Play
Sénateurs - 0 on 2 Attempt(s) - 0,00%
Oilers - 2 on 5 Attempt(s) - 40,00%
Penalty Kill
Sénateurs - 3 on 5 Attempt(s) - 60,00%
- Score 0 goal in Penalty Kill
Oilers - 2 on 2 Attempt(s) - 100,00%
- Score 0 goal in Penalty Kill
Official
Referees : Hasenfratz Mike and Charron Francis
Linesman : Don Henderson and Andy McElman
Game Notes
Ilya Kovalchuk and Todd Bertuzzi fight to a draw at 19:57 of 2nd period
Finance
Level 1 -- Attendance: 5410 (90,17%) -- Ticket Income 465 260 $
Level 2 -- Attendance: 4274 (85,48%) -- Ticket Income 217 974 $
Level 3 -- Attendance: 1759 (87,95%) -- Ticket Income 52 770 $
Level 4 -- Attendance: 3529 (88,23%) -- Ticket Income 70 580 $
Luxury Box -- Attendance: 946 (94,60%) -- Ticket Income 160 820 $
Game was played at the Rexall Place
Total Attendance: 15918 (88,43%)
Total Ticket Income: 967 404 $
Other Income: 145 111 $
Total Income: 1 112 515 $
Sénateurs
5 vs 5 Forward
Center Left Wing Right Wing Time % Phy DF OF
1 Daymond Langkow Andy McDonald Todd Bertuzzi 40 1 2 2
2 Chris Kelly Ray Whitney Sami Kapanen 30 1 2 2
3 Paul Gaustad Sean Avery Nikita Alexeev 20 1 2 2
4 Vernon Fiddler Todd Bertuzzi Dan Hinote 10 1 2 2
5 vs 5 Defense
Defense Defense Time % Phy DF OF
1 Vitaly Vishnevsky Richard Jackman 40 1 2 2
2 Jay McKee Sami Salo 30 1 2 2
3 Toni Lydman Dan Girardi 20 1 2 2
4 Keith Ballard Vitaly Vishnevsky 10 1 2 2
PowerPlay Forward
Center Left Wing Right Wing Time % Phy DF OF
1 Daymond Langkow Andy McDonald Todd Bertuzzi 60 1 2 2
2 Chris Kelly Ray Whitney Sami Kapanen 40 1 2 2
PowerPlay Defense
Defense Defense Time % Phy DF OF
1 Vitaly Vishnevsky Richard Jackman 60 1 2 2
2 Jay McKee Sami Salo 40 1 2 2
Penalty Kill 4 Players Forward
Center Wing Time % Phy DF OF
1 Todd Bertuzzi Daymond Langkow 60 1 2 2
2 Andy McDonald Chris Kelly 40 1 2 2
Penalty Kill 4 Players Defense
Defense Defense Time % Phy DF OF
1 Vitaly Vishnevsky Richard Jackman 60 1 2 2
2 Jay McKee Sami Salo 40 1 2 2
Penalty Kill - 3 Players Forward
Forward Time % Phy DF OF
1 Todd Bertuzzi 60 1 2 2
2 Daymond Langkow 40 1 2 2
Penalty Kill - 3 Players Defense
Defense Defense Time % Phy DF OF
1 Vitaly Vishnevsky Richard Jackman 60 1 2 2
2 Jay McKee Sami Salo 40 1 2 2
4 vs 4 Forward
Center Wing Time % Phy DF OF
1 Todd Bertuzzi Daymond Langkow 60 1 2 2
2 Andy McDonald Chris Kelly 40 1 2 2
4 vs 4 Defense
Defense Defense Time % Phy DF OF
1 Vitaly Vishnevsky Richard Jackman 60 1 2 2
2 Jay McKee Sami Salo 40 1 2 2
Last Minutes Offensive
Center Left Wing Right Wing Defense Defense
Daymond Langkow Andy McDonald Todd Bertuzzi Vitaly Vishnevsky Richard Jackman
Last Minutes Defensive
Center Left Wing Right Wing Defense Defense
Daymond Langkow Andy McDonald Todd Bertuzzi Vitaly Vishnevsky Richard Jackman
Goaltenders
Starting : Jonas Hiller
Backup : Maxime Ouellet
Extra Forwards
Normal : Paul Gaustad, Sean Avery, Vernon Fiddler - PP : Paul Gaustad, Sean Avery - PK : Vernon Fiddler
Extra Defensemen
Normal : Toni Lydman, Dan Girardi, Keith Ballard - PP : Toni Lydman - PK : Dan Girardi, Keith Ballard
Penalty Shots
Todd Bertuzzi, Daymond Langkow, Andy McDonald, Chris Kelly, Paul Gaustad
Oilers
5 vs 5 Forward
Center Left Wing Right Wing Time % Phy DF OF
1 Pavel Datsyuk Markus Naslund Joe Pavelski 40 1 2 2
2 Jonathan Toews Ilya Kovalchuk Brad Boyes 36 2 1 2
3 Alexei Yashin Andreas Johansson Patrick Kaleta 16 1 2 2
4 Erik Rasmussen Eric Nystrom Pascal Dupuis 8 1 2 2
5 vs 5 Defense
Defense Defense Time % Phy DF OF
1 Ian White Steve Montador 40 1 2 2
2 Duncan Keith Rob Scuderi 36 1 2 2
3 Frantisek Kaberle Mike Van Ryn 16 0 3 2
4 Duncan Keith Frantisek Kaberle 8 1 2 2
PowerPlay Forward
Center Left Wing Right Wing Time % Phy DF OF
1 Pavel Datsyuk Markus Naslund Patrick Kaleta 50 0 1 4
2 Jonathan Toews Ilya Kovalchuk Brad Boyes 50 0 1 4
PowerPlay Defense
Defense Defense Time % Phy DF OF
1 Duncan Keith Ian White 66 1 2 2
2 Steve Montador Rob Scuderi 34 1 2 2
Penalty Kill 4 Players Forward
Center Wing Time % Phy DF OF
1 Erik Rasmussen Pascal Dupuis 50 1 3 1
2 Alexei Yashin Markus Naslund 50 1 3 1
Penalty Kill 4 Players Defense
Defense Defense Time % Phy DF OF
1 Duncan Keith Rob Scuderi 50 1 3 1
2 Ian White Steve Montador 50 1 3 1
Penalty Kill - 3 Players Forward
Forward Time % Phy DF OF
1 Pavel Datsyuk 50 1 4 0
2 Ilya Kovalchuk 50 1 4 0
Penalty Kill - 3 Players Defense
Defense Defense Time % Phy DF OF
1 Duncan Keith Rob Scuderi 50 1 4 0
2 Ian White Steve Montador 50 1 4 0
4 vs 4 Forward
Center Wing Time % Phy DF OF
1 Jonathan Toews Ilya Kovalchuk 50 1 2 2
2 Pavel Datsyuk Joe Pavelski 50 1 2 2
4 vs 4 Defense
Defense Defense Time % Phy DF OF
1 Ian White Steve Montador 50 1 3 1
2 Duncan Keith Rob Scuderi 50 1 3 1
Last Minutes Offensive
Center Left Wing Right Wing Defense Defense
Pavel Datsyuk Ilya Kovalchuk Brad Boyes Duncan Keith Ian White
Last Minutes Defensive
Center Left Wing Right Wing Defense Defense
Pavel Datsyuk Markus Naslund Pascal Dupuis Duncan Keith Rob Scuderi
Goaltenders
Starting : Cam Ward
Backup : Scott Clemmensen
Extra Forwards
Normal : Brad Boyes, Pavel Datsyuk, Ilya Kovalchuk - PP : Joe Pavelski, Alexei Yashin - PK : Ilya Kovalchuk
Extra Defensemen
Normal : Frantisek Kaberle, Ian White, Duncan Keith - PP : Rob Scuderi - PK : Mike Van Ryn, Frantisek Kaberle
Penalty Shots
Ilya Kovalchuk, Alexei Yashin, Brad Boyes, Jonathan Toews, Pavel Datsyuk
% Time on Ice - Sénateurs
Lines # - Real PCT - Wanted PCT - Time Play
Normal Forward
1 - 30% - 40% - 13:48
2 - 32% - 30% - 14:35
3 - 26% - 20% - 11:42
4 - 13% - 10% - 5:44
Normal Defense
1 - 37% - 40% - 16:47
2 - 27% - 30% - 12:30
3 - 27% - 20% - 12:35
4 - 9% - 10% - 3:57
PP Forward
1 - 57% - 60% - 2:16
2 - 43% - 40% - 1:42
PP Defense
1 - 57% - 60% - 2:15
2 - 43% - 40% - 1:43
PK Forward
1 - 82% - 60% - 6:46
2 - 18% - 40% - 1:28
PK Defense
1 - 59% - 60% - 4:49
2 - 41% - 40% - 3:25
PK3 Forward
1 - 0% - 60%
2 - 0% - 40%
PK3 Defense
1 - 0% - 60%
2 - 0% - 40%
44 Forward
1 - 84% - 60% - 1:40
2 - 16% - 40% - 0:19
44 Defense
1 - 44% - 60% - 0:52
2 - 56% - 40% - 1:07
Last Minute Offensive - 0:00
Last Minute Defensive - 0:00
Total
Forward - 60:00
Defense - 60:00
|
% Time on Ice - Oilers
Lines # - Real PCT - Wanted PCT - Time Play
Normal Forward
1 - 31% - 40% - 14:12
2 - 31% - 36% - 14:23
3 - 20% - 16% - 9:12
4 - 18% - 8% - 8:02
Normal Defense
1 - 37% - 40% - 16:44
2 - 31% - 36% - 14:18
3 - 28% - 16% - 12:37
4 - 5% - 8% - 2:10
PP Forward
1 - 56% - 50% - 4:36
2 - 44% - 50% - 3:38
PP Defense
1 - 67% - 66% - 5:33
2 - 33% - 34% - 2:41
PK Forward
1 - 50% - 50% - 1:59
2 - 50% - 50% - 1:59
PK Defense
1 - 48% - 50% - 1:54
2 - 52% - 50% - 2:04
PK3 Forward
1 - 0% - 50%
2 - 0% - 50%
PK3 Defense
1 - 0% - 50%
2 - 0% - 50%
44 Forward
1 - 54% - 50% - 1:04
2 - 46% - 50% - 0:55
44 Defense
1 - 59% - 50% - 1:10
2 - 41% - 50% - 0:49
Last Minute Offensive - 0:00
Last Minute Defensive - 0:00
Total
Forward - 60:00
Defense - 60:00
|
Play by Play
1st period
0:01 of 1st period - Pavel Datsyuk wins face-off versus Daymond Langkow in neutral zone.
0:04 of 1st period - Wrist shot by Markus Naslund.
0:04 of 1st period - Shot Blocked by Andy McDonald.
0:12 of 1st period - Wrist shot by Andy McDonald.
0:12 of 1st period - Stopped by Cam Ward with a rebound.
0:32 of 1st period - Snap shot by Sami Kapanen.
0:32 of 1st period - Deflect By Ray Whitney.
0:32 of 1st period - Stopped by Cam Ward with a rebound.
0:34 of 1st period - Slapshot by Vitaly Vishnevsky.
0:34 of 1st period - Deflect By Ray Whitney.
0:34 of 1st period - Shot Blocked by Ilya Kovalchuk.
0:34 of 1st period - Puck is out of play.
0:35 of 1st period - Alexei Yashin wins face-off versus Nikita Alexeev in Oilers zone.
0:35 of 1st period - Alexei Yashin is hit by Nikita Alexeev.
1:09 of 1st period - Slapshot by Brad Boyes.
1:09 of 1st period - Shot Misses the Net.
1:11 of 1st period - Slapshot by Rob Scuderi.
1:11 of 1st period - Stopped by Jonas Hiller without a rebound.
1:12 of 1st period - Pavel Datsyuk wins face-off versus Daymond Langkow in Sénateurs zone.
1:15 of 1st period - Snap shot by Pavel Datsyuk.
1:15 of 1st period - Stopped by Jonas Hiller without a rebound.
1:16 of 1st period - Joe Pavelski wins face-off versus Daymond Langkow in Sénateurs zone.
1:21 of 1st period - Wrist shot by Joe Pavelski.
1:21 of 1st period - Shot Blocked by Dan Girardi.
1:25 of 1st period - Slapshot by Joe Pavelski.
1:25 of 1st period - Stopped by Jonas Hiller without a rebound.
1:26 of 1st period - Chris Kelly wins face-off versus Pascal Dupuis in Sénateurs zone.
1:41 of 1st period - Slapshot by Ray Whitney.
1:41 of 1st period - Stopped by Cam Ward without a rebound.
1:42 of 1st period - Brad Boyes wins face-off versus Daymond Langkow in Oilers zone.
2:33 of 1st period - Snap shot by Andreas Johansson.
2:33 of 1st period - Stopped by Jonas Hiller with a rebound.
2:35 of 1st period - Wrist shot by Alexei Yashin.
2:35 of 1st period - Stopped by Jonas Hiller without a rebound.
2:36 of 1st period - Andy McDonald wins face-off versus Pavel Datsyuk in Sénateurs zone.
3:16 of 1st period - Rob Scuderi is hit by Vitaly Vishnevsky.
3:26 of 1st period - Frantisek Kaberle is hit by Richard Jackman and loses puck.
3:33 of 1st period - Wrist shot by Sami Kapanen.
3:33 of 1st period - Stopped by Cam Ward with a rebound.
3:35 of 1st period - Slapshot by Toni Lydman.
3:35 of 1st period - Stopped by Cam Ward without a rebound.
3:36 of 1st period - Paul Gaustad wins face-off versus Pavel Datsyuk in Oilers zone.
3:37 of 1st period - Wrist shot by Sean Avery.
3:37 of 1st period - Shot Misses the Net.
5:03 of 1st period - Wrist shot by Pavel Datsyuk.
5:03 of 1st period - Shot Misses the Net.
6:13 of 1st period - Wrist shot by Pavel Datsyuk.
6:13 of 1st period - Shot Misses the Net.
6:15 of 1st period - Snap shot by Joe Pavelski.
6:15 of 1st period - Stopped by Jonas Hiller without a rebound.
6:16 of 1st period - Pavel Datsyuk wins face-off versus Paul Gaustad in Sénateurs zone.
7:27 of 1st period - Snap shot by Joe Pavelski.
7:27 of 1st period - Stopped by Jonas Hiller without a rebound.
7:28 of 1st period - Jonathan Toews wins face-off versus Chris Kelly in Sénateurs zone.
7:29 of 1st period - Snap shot by Brad Boyes.
7:29 of 1st period - Shot Misses the Net.
8:15 of 1st period - Off-side.
8:16 of 1st period - Alexei Yashin wins face-off versus Paul Gaustad in neutral zone.
8:29 of 1st period - Slapshot by Alexei Yashin.
8:29 of 1st period - Goal by Alexei Yashin - Sénateurs : 0 - Oilers : 1.
8:30 of 1st period - Daymond Langkow wins face-off versus Jonathan Toews in neutral zone.
8:58 of 1st period - Sami Kapanen is hit by Steve Montador and loses puck.
9:05 of 1st period - Markus Naslund is hit by Vitaly Vishnevsky and loses puck.
9:27 of 1st period - Slapshot by Joe Pavelski.
9:27 of 1st period - Deflect By Pavel Datsyuk.
9:27 of 1st period - Shot Misses the Net.
9:27 of 1st period - Puck is out of play.
9:28 of 1st period - Chris Kelly wins face-off versus Jonathan Toews in Sénateurs zone.
9:35 of 1st period - Backhand shot by Ray Whitney.
9:35 of 1st period - Stopped by Cam Ward with a rebound.
9:37 of 1st period - Snap shot by Chris Kelly.
9:37 of 1st period - Deflect By Sami Kapanen.
9:37 of 1st period - Shot Blocked by Duncan Keith.
9:37 of 1st period - Puck is out of play.
9:38 of 1st period - Ilya Kovalchuk wins face-off versus Chris Kelly in Oilers zone.
9:45 of 1st period - Slapshot by Sami Kapanen.
9:45 of 1st period - Shot Blocked by Rob Scuderi.
9:59 of 1st period - Snap shot by Sami Kapanen.
9:59 of 1st period - Shot Misses the Net.
10:01 of 1st period - Snap shot by Sami Kapanen.
10:01 of 1st period - Stopped by Cam Ward with a rebound.
10:03 of 1st period - Wrist shot by Ray Whitney.
10:03 of 1st period - Shot Blocked by Brad Boyes.
10:05 of 1st period - Slapshot by Chris Kelly.
10:05 of 1st period - Shot Misses the Net.
10:07 of 1st period - Snap shot by Sami Kapanen.
10:07 of 1st period - Goal by Sami Kapanen - Sénateurs : 1 - Oilers : 1.
10:08 of 1st period - Markus Naslund wins face-off versus Daymond Langkow in neutral zone.
10:13 of 1st period - Andy McDonald is hit by Joe Pavelski and loses puck.
10:45 of 1st period - Snap shot by Daymond Langkow.
10:45 of 1st period - Stopped by Cam Ward with a rebound.
10:57 of 1st period - Backhand shot by Jonathan Toews.
10:57 of 1st period - Stopped by Jonas Hiller without a rebound.
10:58 of 1st period - Paul Gaustad wins face-off versus Jonathan Toews in Sénateurs zone.
11:05 of 1st period - Slapshot by Vitaly Vishnevsky.
11:05 of 1st period - Shot Misses the Net.
11:23 of 1st period - Markus Naslund is hit by Richard Jackman and loses puck.
11:34 of 1st period - Snap shot by Sami Kapanen.
11:34 of 1st period - Shot Misses the Net.
11:36 of 1st period - Slapshot by Chris Kelly.
11:36 of 1st period - Deflect By Sami Kapanen.
11:36 of 1st period - Stopped by Cam Ward with a rebound.
12:04 of 1st period - Wrist shot by Eric Nystrom.
12:04 of 1st period - Shot Misses the Net.
13:19 of 1st period - Icing by Rob Scuderi.
13:20 of 1st period - Chris Kelly wins face-off versus Pavel Datsyuk in Oilers zone.
13:45 of 1st period - Jonathan Toews is hit by Paul Gaustad and loses puck.
14:08 of 1st period - Sami Salo is hit by Alexei Yashin and loses puck.
14:15 of 1st period - Wrist shot by Patrick Kaleta.
14:15 of 1st period - Stopped by Jonas Hiller with a rebound.
14:17 of 1st period - Snap shot by Frantisek Kaberle.
14:17 of 1st period - Deflect By Patrick Kaleta.
14:17 of 1st period - Stopped by Jonas Hiller without a rebound.
14:18 of 1st period - Chris Kelly wins face-off versus Pavel Datsyuk in Sénateurs zone.
15:06 of 1st period - Snap shot by Pascal Dupuis.
15:06 of 1st period - Stopped by Jonas Hiller without a rebound.
15:07 of 1st period - Erik Rasmussen wins face-off versus Vernon Fiddler in Sénateurs zone.
15:12 of 1st period - Wrist shot by Eric Nystrom.
15:12 of 1st period - Shot Misses the Net.
15:37 of 1st period - Erik Rasmussen is hit by Nikita Alexeev and loses puck.
15:44 of 1st period - Slapshot by Nikita Alexeev.
15:44 of 1st period - Stopped by Cam Ward without a rebound.
15:45 of 1st period - Daymond Langkow wins face-off versus Pavel Datsyuk in Oilers zone.
15:58 of 1st period - Snap shot by Pavel Datsyuk.
15:58 of 1st period - Shot Misses the Net.
16:21 of 1st period - Slapshot by Alexei Yashin.
16:21 of 1st period - Shot Blocked by Daymond Langkow.
16:43 of 1st period - Slapshot by Brad Boyes.
16:43 of 1st period - Goal by Brad Boyes - Sénateurs : 1 - Oilers : 2.
16:44 of 1st period - Pavel Datsyuk wins face-off versus Chris Kelly in neutral zone.
16:47 of 1st period - Richard Jackman is hit by Duncan Keith and loses puck.
18:04 of 1st period - Wrist shot by Markus Naslund.
18:04 of 1st period - Shot Misses the Net.
18:26 of 1st period - Slapshot by Dan Girardi.
18:26 of 1st period - Stopped by Cam Ward with a rebound.
18:28 of 1st period - Slapshot by Dan Girardi.
18:28 of 1st period - Stopped by Cam Ward with a rebound.
19:24 of 1st period - Frantisek Kaberle is hit by Sami Kapanen and loses puck.
19:39 of 1st period - Snap shot by Patrick Kaleta.
19:39 of 1st period - Shot Misses the Net.
19:41 of 1st period - Backhand shot by Alexei Yashin.
19:41 of 1st period - Stopped by Jonas Hiller with a rebound.
19:43 of 1st period - Wrist shot by Patrick Kaleta.
19:43 of 1st period - Shot Blocked by Vernon Fiddler.
19:45 of 1st period - Snap shot by Alexei Yashin.
19:45 of 1st period - Stopped by Jonas Hiller with a rebound.
2nd period
0:01 of 2nd period - Daymond Langkow wins face-off versus Pavel Datsyuk in neutral zone.
0:10 of 2nd period - Wrist shot by Todd Bertuzzi.
0:10 of 2nd period - Deflect By Andy McDonald.
0:10 of 2nd period - Shot Misses the Net.
0:10 of 2nd period - Puck is out of play.
0:11 of 2nd period - Pavel Datsyuk wins face-off versus Daymond Langkow in Oilers zone.
0:11 of 2nd period - Pavel Datsyuk is hit by Andy McDonald.
0:46 of 2nd period - Snap shot by Sami Kapanen.
0:46 of 2nd period - Stopped by Cam Ward with a rebound.
1:26 of 2nd period - Slapshot by Alexei Yashin.
1:26 of 2nd period - Stopped by Jonas Hiller without a rebound.
1:27 of 2nd period - Pavel Datsyuk wins face-off versus Chris Kelly in Sénateurs zone.
1:28 of 2nd period - Slapshot by Joe Pavelski.
1:28 of 2nd period - Shot Misses the Net.
1:46 of 2nd period - Icing by Toni Lydman.
1:47 of 2nd period - Jonathan Toews wins face-off versus Chris Kelly in Sénateurs zone.
2:00 of 2nd period - Wrist shot by Ray Whitney.
2:00 of 2nd period - Shot Misses the Net.
2:02 of 2nd period - Wrist shot by Sami Kapanen.
2:02 of 2nd period - Stopped by Cam Ward with a rebound.
2:10 of 2nd period - Wrist shot by Ray Whitney.
2:10 of 2nd period - Shot Blocked by Ilya Kovalchuk.
2:12 of 2nd period - Slapshot by Dan Girardi.
2:12 of 2nd period - Shot Blocked by Ilya Kovalchuk.
2:22 of 2nd period - Wrist shot by Sami Kapanen.
2:22 of 2nd period - Shot Blocked by Frantisek Kaberle.
2:24 of 2nd period - Wrist shot by Chris Kelly.
2:24 of 2nd period - Stopped by Cam Ward with a rebound.
2:36 of 2nd period - Wrist shot by Sami Kapanen.
2:36 of 2nd period - Shot Misses the Net.
2:38 of 2nd period - Snap shot by Ray Whitney.
2:38 of 2nd period - Deflect By Sami Kapanen.
2:38 of 2nd period - Stopped by Cam Ward with a rebound.
2:42 of 2nd period - Snap shot by Sami Kapanen.
2:42 of 2nd period - Shot Misses the Net.
2:44 of 2nd period - Slapshot by Chris Kelly.
2:44 of 2nd period - Stopped by Cam Ward without a rebound.
2:45 of 2nd period - Pavel Datsyuk wins face-off versus Daymond Langkow in Oilers zone.
2:52 of 2nd period - Slapshot by Markus Naslund.
2:52 of 2nd period - Stopped by Jonas Hiller with a rebound.
2:54 of 2nd period - Snap shot by Joe Pavelski.
2:54 of 2nd period - Stopped by Jonas Hiller with a rebound.
2:56 of 2nd period - Slapshot by Markus Naslund.
2:56 of 2nd period - Stopped by Jonas Hiller without a rebound.
2:57 of 2nd period - Daymond Langkow wins face-off versus Pavel Datsyuk in Sénateurs zone.
3:06 of 2nd period - Ian White is hit by Todd Bertuzzi and loses puck.
3:23 of 2nd period - Alexei Yashin is hit by Richard Jackman and loses puck.
3:48 of 2nd period - Rob Scuderi is hit by Sami Salo.
4:05 of 2nd period - Slapshot by Eric Nystrom.
4:05 of 2nd period - Shot Blocked by Toni Lydman.
4:07 of 2nd period - Wrist shot by Ilya Kovalchuk.
4:07 of 2nd period - Shot Misses the Net.
4:09 of 2nd period - Snap shot by Ilya Kovalchuk.
4:09 of 2nd period - Shot Misses the Net.
4:11 of 2nd period - Wrist shot by Brad Boyes.
4:11 of 2nd period - Shot Misses the Net.
4:13 of 2nd period - Slapshot by Brad Boyes.
4:13 of 2nd period - Stopped by Jonas Hiller without a rebound.
4:14 of 2nd period - Pavel Datsyuk wins face-off versus Paul Gaustad in Sénateurs zone.
4:28 of 2nd period - Minor Penalty to Pavel Datsyuk for Tripping.
4:29 of 2nd period - Erik Rasmussen wins face-off versus Daymond Langkow in Oilers zone.
5:13 of 2nd period - Ian White is hit by Sami Kapanen and loses puck.
5:38 of 2nd period - Wrist shot by Chris Kelly.
5:38 of 2nd period - Deflect By Ian White.
5:38 of 2nd period - Shot Misses the Net.
5:38 of 2nd period - Puck is out of play.
5:39 of 2nd period - Daymond Langkow wins face-off versus Alexei Yashin in Oilers zone.
6:28 of 2nd period - Penalty to Pavel Datsyuk is over, Pavel Datsyuk is back on ice.
6:33 of 2nd period - Minor Penalty to Sean Avery for Hooking.
6:34 of 2nd period - Todd Bertuzzi wins face-off versus Jonathan Toews in Sénateurs zone.
8:33 of 2nd period - Penalty to Sean Avery is over, Sean Avery is back on ice.
8:44 of 2nd period - Wrist shot by Erik Rasmussen.
8:44 of 2nd period - Shot Blocked by Richard Jackman.
8:46 of 2nd period - Wrist shot by Erik Rasmussen.
8:46 of 2nd period - Stopped by Jonas Hiller with a rebound.
8:48 of 2nd period - Snap shot by Erik Rasmussen.
8:48 of 2nd period - Shot Misses the Net.
11:37 of 2nd period - Frantisek Kaberle is hit by Vitaly Vishnevsky and loses puck.
12:03 of 2nd period - Duncan Keith is hit by Sami Kapanen and loses puck.
12:34 of 2nd period - Patrick Kaleta is hit by Chris Kelly and loses puck.
12:57 of 2nd period - Icing by Paul Gaustad.
12:58 of 2nd period - Erik Rasmussen wins face-off versus Paul Gaustad in Sénateurs zone.
13:09 of 2nd period - Nikita Alexeev is hit by Markus Naslund and loses puck.
13:24 of 2nd period - Slapshot by Steve Montador.
13:24 of 2nd period - Stopped by Jonas Hiller with a rebound.
13:25 of 2nd period - Minor Penalty to Jonathan Toews for Slashing.
13:26 of 2nd period - Daymond Langkow wins face-off versus Erik Rasmussen in Oilers zone.
13:37 of 2nd period - Snap shot by Daymond Langkow.
13:37 of 2nd period - Stopped by Cam Ward without a rebound.
13:38 of 2nd period - Alexei Yashin wins face-off versus Daymond Langkow in Oilers zone.
13:47 of 2nd period - Wrist shot by Richard Jackman.
13:47 of 2nd period - Shot Misses the Net.
14:03 of 2nd period - Steve Montador is hit by Chris Kelly and loses puck.
15:25 of 2nd period - Penalty to Jonathan Toews is over, Jonathan Toews is back on ice.
15:33 of 2nd period - Minor Penalty to Brad Boyes for Hooking.
15:33 of 2nd period - Minor Penalty to Paul Gaustad for Tripping.
15:34 of 2nd period - Jonathan Toews wins face-off versus Todd Bertuzzi in Oilers zone.
15:34 of 2nd period - Jonathan Toews is hit by Todd Bertuzzi.
17:04 of 2nd period - Sami Salo is hit by Pavel Datsyuk and loses puck.
17:33 of 2nd period - Penalty to Brad Boyes is over, Brad Boyes is back on ice.
17:33 of 2nd period - Penalty to Paul Gaustad is over, Paul Gaustad is back on ice.
17:43 of 2nd period - Slapshot by Chris Kelly.
17:43 of 2nd period - Deflect By Ray Whitney.
17:43 of 2nd period - Stopped by Cam Ward with a rebound.
17:45 of 2nd period - Slapshot by Richard Jackman.
17:45 of 2nd period - Stopped by Cam Ward with a rebound.
17:47 of 2nd period - Slapshot by Vitaly Vishnevsky.
17:47 of 2nd period - Stopped by Cam Ward without a rebound.
17:48 of 2nd period - Alexei Yashin wins face-off versus Paul Gaustad in Oilers zone.
17:57 of 2nd period - Wrist shot by Andreas Johansson.
17:57 of 2nd period - Shot Blocked by Dan Girardi.
18:39 of 2nd period - Mike Van Ryn is hit by Chris Kelly and loses puck.
18:53 of 2nd period - Vitaly Vishnevsky is hit by Mike Van Ryn and loses puck.
19:00 of 2nd period - Slapshot by Frantisek Kaberle.
19:00 of 2nd period - Deflect By Richard Jackman.
19:00 of 2nd period - Stopped by Jonas Hiller without a rebound.
19:01 of 2nd period - Pavel Datsyuk wins face-off versus Paul Gaustad in Sénateurs zone.
19:04 of 2nd period - Slapshot by Joe Pavelski.
19:04 of 2nd period - Deflect By Richard Jackman.
19:04 of 2nd period - Shot Misses the Net.
19:04 of 2nd period - Puck is out of play.
19:05 of 2nd period - Paul Gaustad wins face-off versus Pavel Datsyuk in Sénateurs zone.
19:05 of 2nd period - Paul Gaustad is hit by Markus Naslund.
19:56 of 2nd period - Wrist shot by Paul Gaustad.
19:56 of 2nd period - Stopped by Cam Ward without a rebound.
19:57 of 2nd period - Jonathan Toews wins face-off versus Daymond Langkow in Oilers zone.
19:57 of 2nd period - Ilya Kovalchuk and Todd Bertuzzi fight to a draw.
19:57 of 2nd period - Penalty to Ilya Kovalchuk for Fighting.
19:57 of 2nd period - Penalty to Todd Bertuzzi for Fighting.
19:58 of 2nd period - Daymond Langkow wins face-off versus Pavel Datsyuk in Oilers zone.
3rd period
0:01 of 3rd period - Daymond Langkow wins face-off versus Pavel Datsyuk in neutral zone.
0:06 of 3rd period - Joe Pavelski is hit by Andy McDonald and loses puck.
0:47 of 3rd period - Wrist shot by Pascal Dupuis.
0:47 of 3rd period - Shot Misses the Net.
1:09 of 3rd period - Andy McDonald is hit by Markus Naslund.
1:49 of 3rd period - Slapshot by Dan Girardi.
1:49 of 3rd period - Shot Misses the Net.
1:51 of 3rd period - Slapshot by Toni Lydman.
1:51 of 3rd period - Deflect By Vernon Fiddler.
1:51 of 3rd period - Goal by Vernon Fiddler - Sénateurs : 2 - Oilers : 2.
1:52 of 3rd period - Pavel Datsyuk wins face-off versus Daymond Langkow in neutral zone.
2:23 of 3rd period - Minor Penalty to Richard Jackman for High sticking.
2:24 of 3rd period - Vernon Fiddler wins face-off versus Pavel Datsyuk in Sénateurs zone.
2:31 of 3rd period - Snap shot by Vernon Fiddler.
2:31 of 3rd period - Stopped by Cam Ward without a rebound.
2:32 of 3rd period - Vernon Fiddler wins face-off versus Pavel Datsyuk in Oilers zone.
4:17 of 3rd period - Wrist shot by Patrick Kaleta.
4:17 of 3rd period - Goal by Patrick Kaleta - Sénateurs : 2 - Oilers : 3.
4:18 of 3rd period - Jonathan Toews wins face-off versus Vernon Fiddler in neutral zone.
4:26 of 3rd period - Minor Penalty to Vitaly Vishnevsky for Roughing.
4:27 of 3rd period - Vernon Fiddler wins face-off versus Jonathan Toews in Sénateurs zone.
4:33 of 3rd period - Icing by Brad Boyes.
4:34 of 3rd period - Vernon Fiddler wins face-off versus Jonathan Toews in Oilers zone.
4:49 of 3rd period - Snap shot by Brad Boyes.
4:49 of 3rd period - Goal by Brad Boyes - Sénateurs : 2 - Oilers : 4.
4:50 of 3rd period - Daymond Langkow wins face-off versus Pavel Datsyuk in neutral zone.
4:57 of 3rd period - Snap shot by Andy McDonald.
4:57 of 3rd period - Stopped by Cam Ward with a rebound.
5:05 of 3rd period - Snap shot by Markus Naslund.
5:05 of 3rd period - Shot Misses the Net.
5:43 of 3rd period - Wrist shot by Dan Hinote.
5:43 of 3rd period - Shot Misses the Net.
6:32 of 3rd period - Wrist shot by Ray Whitney.
6:32 of 3rd period - Deflect By Chris Kelly.
6:32 of 3rd period - Shot Blocked by Rob Scuderi.
6:32 of 3rd period - Puck is out of play.
6:33 of 3rd period - Jonathan Toews wins face-off versus Sami Kapanen in Oilers zone.
7:03 of 3rd period - Slapshot by Joe Pavelski.
7:03 of 3rd period - Shot Misses the Net.
7:05 of 3rd period - Wrist shot by Pavel Datsyuk.
7:05 of 3rd period - Shot Misses the Net.
7:30 of 3rd period - Snap shot by Alexei Yashin.
7:30 of 3rd period - Stopped by Jonas Hiller with a rebound.
7:40 of 3rd period - Slapshot by Vitaly Vishnevsky.
7:40 of 3rd period - Shot Misses the Net.
7:46 of 3rd period - Wrist shot by Chris Kelly.
7:46 of 3rd period - Shot Blocked by Eric Nystrom.
8:55 of 3rd period - Slapshot by Sami Kapanen.
8:55 of 3rd period - Stopped by Cam Ward without a rebound.
8:56 of 3rd period - Ray Whitney wins face-off versus Jonathan Toews in Oilers zone.
9:14 of 3rd period - Slapshot by Sami Kapanen.
9:14 of 3rd period - Shot Blocked by Steve Montador.
9:22 of 3rd period - Toni Lydman is hit by Ian White and loses puck.
9:59 of 3rd period - Snap shot by Ray Whitney.
9:59 of 3rd period - Shot Blocked by Brad Boyes.
10:16 of 3rd period - Icing by Ian White.
10:17 of 3rd period - Jonathan Toews wins face-off versus Daymond Langkow in Oilers zone.
10:24 of 3rd period - Snap shot by Ilya Kovalchuk.
10:24 of 3rd period - Goal by Ilya Kovalchuk - Sénateurs : 2 - Oilers : 5.
10:25 of 3rd period - Pavel Datsyuk wins face-off versus Daymond Langkow in neutral zone.
10:29 of 3rd period - Off-side.
10:30 of 3rd period - Pavel Datsyuk wins face-off versus Andy McDonald in neutral zone.
10:43 of 3rd period - Wrist shot by Andy McDonald.
10:43 of 3rd period - Shot Misses the Net.
10:45 of 3rd period - Snap shot by Andy McDonald.
10:45 of 3rd period - Shot Blocked by Rob Scuderi.
10:52 of 3rd period - Minor Penalty to Paul Gaustad for Holding.
10:53 of 3rd period - Jonathan Toews wins face-off versus Todd Bertuzzi in Sénateurs zone.
10:58 of 3rd period - Slapshot by Brad Boyes.
10:58 of 3rd period - Shot Blocked by Vitaly Vishnevsky.
11:06 of 3rd period - Snap shot by Todd Bertuzzi.
11:06 of 3rd period - Shot Blocked by Ian White.
11:08 of 3rd period - Slapshot by Vitaly Vishnevsky.
11:08 of 3rd period - Shot Misses the Net.
11:10 of 3rd period - Wrist shot by Todd Bertuzzi.
11:10 of 3rd period - Shot Misses the Net.
11:20 of 3rd period - Daymond Langkow is hit by Markus Naslund and loses puck.
12:52 of 3rd period - Penalty to Paul Gaustad is over, Paul Gaustad is back on ice.
13:59 of 3rd period - Dan Girardi is hit by Andreas Johansson and loses puck.
14:09 of 3rd period - Off-side.
14:10 of 3rd period - Erik Rasmussen wins face-off versus Chris Kelly in neutral zone.
14:50 of 3rd period - Joe Pavelski is hit by Todd Bertuzzi and loses puck.
15:16 of 3rd period - Slapshot by Alexei Yashin.
15:16 of 3rd period - Deflect By Andreas Johansson.
15:16 of 3rd period - Shot Blocked by Sami Kapanen.
15:16 of 3rd period - Puck is out of play.
15:17 of 3rd period - Daymond Langkow wins face-off versus Alexei Yashin in Sénateurs zone.
15:17 of 3rd period - Daymond Langkow is hit by Andreas Johansson.
15:39 of 3rd period - Snap shot by Patrick Kaleta.
15:39 of 3rd period - Shot Hit the Post.
15:43 of 3rd period - Snap shot by Patrick Kaleta.
15:43 of 3rd period - Shot Blocked by Vitaly Vishnevsky.
16:02 of 3rd period - Minor Penalty to Richard Jackman for Interference.
16:03 of 3rd period - Jonathan Toews wins face-off versus Todd Bertuzzi in Sénateurs zone.
16:14 of 3rd period - Slapshot by Ilya Kovalchuk.
16:14 of 3rd period - Shot Misses the Net.
16:16 of 3rd period - Wrist shot by Ilya Kovalchuk.
16:16 of 3rd period - Stopped by Jonas Hiller without a rebound.
16:17 of 3rd period - Jonathan Toews wins face-off versus Todd Bertuzzi in Sénateurs zone.
16:20 of 3rd period - Slapshot by Jonathan Toews.
16:20 of 3rd period - Deflect By Brad Boyes.
16:20 of 3rd period - Stopped by Jonas Hiller without a rebound.
16:21 of 3rd period - Jonathan Toews wins face-off versus Todd Bertuzzi in Sénateurs zone.
17:12 of 3rd period - Jonathan Toews is hit by Sami Salo and loses puck.
17:38 of 3rd period - Icing by Rob Scuderi.
17:39 of 3rd period - Todd Bertuzzi wins face-off versus Jonathan Toews in Oilers zone.
18:02 of 3rd period - Penalty to Richard Jackman is over, Richard Jackman is back on ice.
18:45 of 3rd period - Slapshot by Nikita Alexeev.
18:45 of 3rd period - Shot Misses the Net.
19:15 of 3rd period - Ray Whitney is hit by Rob Scuderi and loses puck.
19:55 of 3rd period - Ilya Kovalchuk is hit by Dan Hinote and loses puck.
Output by the SimonT Hockey Simulator (STHS) for François Prévost -- Original Page W3C XHTML 1.0 Valid